 Dungeon Crawl Stone Soup version 0.23.2-30-g0e89c35649 (webtiles) character file.

Game seed: 471477039510027235

5412 stuartdbuchanan the Cleaver (level 10, 0/86 HPs)
             Began as a Hill Orc Fighter on June 10, 2019.
             Was an Elder of Okawaru.
             Slain by a spectral black mamba (1 damage)
             ... on level 2 of the Lair of Beasts.
             The game lasted 00:55:02 (10843 turns).

stuartdbuchanan the Cleaver (Hill Orc Fighter)     Turns: 10843, Time: 00:55:03

Health: 0/86       AC: 13    Str: 22      XL:     10   Next: 67%
Magic:  10/10      EV:  7    Int:  6 (8)  God:    Okawaru [****..]
Gold:   516        SH: 11    Dex: 11      Spells: 9/9 levels left

rFire    + . .     SeeInvis .   p - +1 hand axe (freeze)
rCold    + . .     Gourm    .   c - +0 shield
rNeg     . . .     Faith    .   q - +3 chain mail
rPois    .         Spirit   .   (no helmet)
rElec    .         Reflect  .   k - scarf {rC+ rF+}
rCorr    .         Harm     .   (no gloves)
MR       +....                  (no boots)
Stlth    ..........             n - amulet of magic regeneration
HPRegen  0.24/turn              C - ring of protection from magic
MPRegen  0.37/turn              (no ring)

@: very slightly contaminated, heavily drained
A: no striking features
a: Heroism, Renounce Religion


You were on level 2 of the Lair of Beasts.
You worshipped Okawaru.
Okawaru was greatly pleased with you.
You were not hungry.

You visited 2 branches of the dungeon, and saw 10 of its levels.

You collected 516 gold pieces.

Inventory:

Hand Weapons
 a - a +0 war axe
 j - a +2 halberd
 p - a +1 hand axe of freezing (weapon)
 F - a +0 shortbow
 P - a +1 antimagic hand axe
 V - a +0 lajatang of pain
Missiles
 G - 88 arrows (quivered)
 X - 6 javelins of penetration
Armour
 b - a +0 scale mail
 c - a +0 shield (worn)
 k - a scarf of resistance (worn)
 q - a +3 chain mail (worn)
 E - a +0 hat
 L - a +3 leather armour of cold resistance
 T - a +2 cloak of invisibility
Jewellery
 n - an amulet of magic regeneration (around neck)
 C - a ring of protection from magic (left hand)
 H - an uncursed ring of ice
 I - an uncursed ring of flight {unknown}
 J - an uncursed ring of magical power {unknown}
 M - a cursed amulet of inaccuracy {unknown}
Wands
 e - a wand of enslavement (7)
 t - a wand of flame (2)
 y - a wand of polymorph (21)
 B - a wand of iceblast (7)
 N - a wand of acid (14)
Scrolls
 h - 3 scrolls of noise {unknown}
 m - 2 scrolls of fear {unknown}
 s - 3 scrolls of enchant weapon {unknown}
 u - 5 scrolls of blinking
 w - a scroll of amnesia {unknown}
 x - 4 scrolls of teleportation {unknown}
 D - 2 scrolls of enchant armour {unknown}
 K - a scroll of immolation {unknown}
 O - 3 scrolls of remove curse {unknown}
 Q - 3 scrolls of identify
 S - a scroll of random uselessness {unknown}
 U - a scroll of magic mapping {unknown}
Potions
 d - 3 potions of might
 g - a potion of flight
 i - a potion of agility
 l - 2 potions of curing
 o - 2 potions of brilliance {unknown}
 r - a potion of invisibility {unknown}
 v - 2 potions of heal wounds {unknown}
 z - 2 potions of haste {unknown}
 A - 3 potions of mutation
 R - 2 potions of ambrosia {unknown}
 W - a potion of resistance {unknown}
Comestibles
 f - 9 rations


   Skills:
 * Level 7.4(5.6) Fighting
 + Level 11.8(9.8) Axes
 + Level 8.7(6.8) Armour
 + Level 2.7(1.1) Dodging
 + Level 1.8(0.2) Stealth
 + Level 9.0(7.1) Shields
 + Level 0.2(0.0) Invocations
 + Level 0.2(0.0) Evocations


You had 9 spell levels left.
You didn't know any spells.
Your spell library contained the following spells:

 Spells                   Type           Power        Failure   Level  Hunger
 Corona                   Hex            #......      100%        1    ##.....
 Sting                    Conj/Pois      #...         100%        1    ##.....
 Ensorcelled Hibernation  Hex/Ice        #.....       100%        2    ###....
 Poisonous Vapours        Pois/Air       #.....       100%        2    ###....
 Confuse                  Hex            #.......     100%        3    ####...
 Dazzling Spray           Conj/Hex       #.....       100%        3    ####...
 Mephitic Cloud           Conj/Pois/Air  #.......     100%        3    ####...
 Tukima's Dance           Hex            #.......     100%        3    ####...
 Olgreb's Toxic Radiance  Pois           #.......     100%        4    #####..
 Venom Bolt               Conj/Pois      #.........   100%        5    ######.


Dungeon Overview and Level Annotations

Branches:
Dungeon (8/15)             Temple (0/1) D:4            Lair (2/6) D:8
  Swamp: Lair:2-4    Shoals: Lair:2-4     Snake: Lair:2-4    Spider: Lair:2-4

Altars:
Dithmenos
Fedhas
Kikubaaqudgha
Nemelex Xobeh
Okawaru
Ru
Sif Muna
Vehumet
Wu Jian
Xom

Shops:
D:4 *%

Annotations:
Lair:1 Wuochyse's ghost, journeyman DEWz


Message History

The spectral black mamba bites you but does no damage.
The blink frog blinks!
You block the water moccasin's attack.
Found a gnarled glowing staff.
The spectral black mamba barely misses you.
The spectral black mamba bites you!
* * * LOW HITPOINT WARNING * * *
The water moccasin bites you.
* * * LOW HITPOINT WARNING * * *
The spectral black mamba bites you.
* * * LOW HITPOINT WARNING * * *
You feel drained.
* * * LOW HITPOINT WARNING * * *
A yak comes into view.
The yak bellows!
A yak comes into view.
The spectral black mamba bites you but does no damage.
A yak comes into view.
The yak bellows!
You hear a bellow!
The spectral black mamba bites you.
You die...

#P. #....F.##....#...
.....##......##.....+
#...#P.....F.FF....#
#....>......##.....#
#...##.....#......#...
####......##.####F...###.
#P.#..................#
...............S.........
.............@Z..........
..............Z..........
........P.#.P###....|....
.........##.## #....#.###
###......#### ...Y...#
#.#....## ........
.....##....# ..Y....
...........# Y##.
.....#....+


You could see 2 spectral black mambas, a yak, a blink frog and a water moccasin.

Vanquished Creatures
  Maurice (D:8)
  A black mamba (Lair:1)
  A spiny frog (Lair:1)
  A komodo dragon (Lair:1)
  A troll (D:6)
  2 hippogriffs (D:7)
  A water moccasin (Lair:1)
  3 ice beasts
  An orc warrior (D:6)
  2 phantoms
  A black bear (Lair:1)
  A hornet zombie (D:7)
  5 ogres
  A centaur (D:5)
  A crocodile (Lair:1)
  5 bullfrogs
  A big kobold (D:8)
  A water moccasin zombie (D:8)
  A scorpion (D:4)
  6 killer bees (D:8)
  5 wights (D:7)
  4 howler monkeys
  3 crimson imps
  2 bullfrog zombies
  4 hounds
  2 orc priests
  2 bullfrog skeletons
  A centaur skeleton (D:5)
  3 jellies
  2 iguanas
  5 worker ants
  4 orc wizards
  A worker ant zombie (D:6)
  3 gnolls (D:6)
  11 adders
  A shadow imp (D:5)
  4 oozes
  4 worms
  A dart slug (D:3)
  2 leopard geckos
  23 orcs
  4 giant cockroaches
  13 goblins
  4 hobgoblins
  6 jackals
  9 kobolds
  3 quokkas
  9 bats
  3 frilled lizards
  A jackal skeleton (D:4)
  8 rats
  A fungus (Lair:1)
185 creatures vanquished.

Vanquished Creatures (others)
  A fungus (Lair:2)
1 creature vanquished.

Grand Total: 186 creatures vanquished

Notes
Turn   | Place    | Note
-------+----------+-------------------------------------------
     0 | D:1      | stuartdbuchanan the Hill Orc Fighter began the quest for
                  | the Orb.
     0 | D:1      | Reached XP level 1. HP: 19/19 MP: 1/1
    45 | D:1      | Reached skill level 3 in Axes
    70 | D:1      | Reached XP level 2. HP: 26/27 MP: 2/2
   394 | D:1      | Reached XP level 3. HP: 30/33 MP: 3/3
   912 | D:2      | Reached skill level 4 in Axes
  1012 | D:2      | Found a faded altar of an unknown god.
  1235 | D:2      | Found a sacrificial altar of Ru.
  1408 | D:2      | Reached XP level 4. HP: 37/40 MP: 4/4
  1416 | D:2      | Found a shadowy altar of Dithmenos.
  1471 | D:2      | Found a sparkling altar of Nemelex Xobeh.
  1680 | D:2      | Found a sparkling altar of Nemelex Xobeh.
  2104 | D:2      | Reached XP level 5. HP: 9/46 MP: 5/5
  2658 | D:3      | Reached skill level 5 in Axes
  2928 | D:3      | Found an iron altar of Okawaru.
  2968 | D:3      | Became a worshipper of Warmaster Okawaru
  3131 | D:3      | Found a blossoming altar of Fedhas.
  3418 | D:4      | Reached skill level 1 in Stealth
  3449 | D:4      | Reached XP level 6. HP: 49/52 MP: 6/6
  3499 | D:4      | Noticed a phantom
  3544 | D:4      | Killed a phantom
  3544 | D:4      | Reached skill level 6 in Axes
  3544 | D:4      | Reached skill level 1 in Dodging
  3573 | D:4      | Found Vumeoch's Food Shop.
  3615 | D:4      | Found Ydirhah's Serpentskin Sales.
  3685 | D:4      | Found a deep blue altar of Sif Muna.
  3836 | D:4      | Found a staircase to the Ecumenical Temple.
  3867 | D:5      | Entered Level 5 of the Dungeon
  3876 | D:5      | Reached XP level 7. HP: 59/60 MP: 7/7
  3898 | D:5      | Reached skill level 5 in Shields
  4184 | D:5      | Reached skill level 7 in Axes
  4186 | D:5      | Reached * piety under Okawaru
  4459 | D:5      | Found a radiant altar of Vehumet.
  4603 | D:5      | Found an ornate altar of the Wu Jian Council.
  4654 | D:5      | Reached skill level 5 in Armour
  4777 | D:5      | Found an ancient bone altar of Kikubaaqudgha.
  4841 | D:5      | Reached XP level 8. HP: 58/67 MP: 8/8
  4885 | D:5      | Reached skill level 8 in Axes
  5255 | D:6      | Reached ** piety under Okawaru
  5255 | D:6      | Reached skill level 5 in Fighting
  5607 | D:6      | Reached skill level 9 in Axes
  5906 | D:6      | Noticed a troll
  6352 | D:6      | Killed a troll
  6352 | D:6      | Reached XP level 9. HP: 67/74 MP: 9/9
  6518 | D:7      | Reached *** piety under Okawaru
  6525 | D:7      | Reached skill level 10 in Axes
  7737 | D:7      | Reached **** piety under Okawaru
  8091 | D:7      | Found a shimmering altar of Xom.
  8174 | D:8      | Noticed Maurice
  8229 | D:8      | Reached skill level 11 in Axes
  8229 | D:8      | Reached XP level 10. HP: 81/83 MP: 10/10
  8708 | D:8      | Found a staircase to the Lair.
  9480 | D:8      | Killed Maurice
  9541 | Lair:1   | Entered Level 1 of the Lair of Beasts
  9544 | Lair:1   | Noticed a black mamba
  9553 | Lair:1   | Killed a black mamba
  9858 | Lair:1   | Noticed a spiny frog
  9874 | Lair:1   | Killed a spiny frog
  9874 | Lair:1   | Reached ***** piety under Okawaru
  9925 | Lair:1   | Found a runed translucent gate.
  9925 | Lair:1   | Found a runed translucent gate.
  9925 | Lair:1   | Found a runed translucent gate.
  9925 | Lair:1   | Noticed a spectral death yak
  9925 | Lair:1   | Noticed a spectral death yak
  9925 | Lair:1   | Noticed Wuochyse's ghost (journeyman DEWz)
 10066 | Lair:1   | Received a gift from Okawaru
 10815 | Lair:2   | Noticed a spiny frog
 10840 | Lair:2   | HP: 2/86 [spectral black mamba (4)]
 10843 | Lair:2   | Slain by a spectral black mamba

Skill      XL: |  1  2  3  4  5  6  7  8  9 10 |
---------------+-------------------------------+-----
Axes           | 3 4 5 6 7 9 11 | 11.8
Fighting       | 4 5 6 7 |  7.4
Shields        | 4 5 6 7 9 |  9.0
Armour         | 4 5 6 7 8 |  8.7
Stealth        | 1 |  1.8
Dodging        | 1 2 |  2.7
Invocations    | |  0.2
Evocations     | |  0.2

Action                   |  1- 3 |  4- 6 |  7- 9 | 10-12 || total
-------------------------+-------+-------+-------+-------++-------
Melee: War axe           |   110 |    65 |       |       ||   175
       Hand axe          |       |   113 |   495 |   233 ||   841
Invok: Heroism           |       |       |     1 |     1 ||     2
       Finesse           |       |       |       |     1 ||     1
Evoke: Wand              |       |       |     4 |     1 ||     5
  Use: Scroll            |     1 |     3 |     3 |     2 ||     9
       Potion            |       |       |       |     4 ||     4
  Eat: Chunk             |     1 |     2 |     4 |       ||     7
       Ration            |       |     2 |     3 |     3 ||     8
Armor: Scale mail        |    60 |    31 |       |       ||    91
       Chain mail        |       |    44 |   224 |   127 ||   395
Dodge: Dodged            |    44 |    34 |   108 |    66 ||   252
Block: Shield            |    55 |    82 |   270 |   147 ||   554
